 Dungeon Crawl Stone Soup version 0.27.1 (webtiles) character file.

Game seed: 11629857503573261678

128 chaosape the Poker (level 5, 0/43 HPs)
             Began as a Gnoll Wanderer on Sept 5, 2021.
             Succumbed to Ijyb's poison
             ... on level 3 of the Dungeon.
             The game lasted 00:12:59 (2247 turns).

chaosape the Poker (Gnoll Wanderer)                 Turns: 2247, Time: 00:12:59

Health: 0/43       AC:  8    Str: 12    XL:     5   Next: 11%
Magic:  0/7        EV:  9    Int: 11    God:
Gold:   91         SH:  0    Dex: 12    Spells: 5/6 levels left

rFire    . . .     SeeInvis .   a - +3 spear
rCold    . . .     Faith    .   (no shield)
rNeg     . . .     Spirit   .   n - +0 scale mail
rPois    .         Reflect  .   s - +0 helmet
rElec    .         Harm     .   (no cloak)
rCorr    .         Rampage  .   (no gloves)
Will     +....                  g - +0 pair of boots
Stlth    +.........             h - amulet of regeneration
HPRegen  1.14/turn              d - ring of wizardry
MPRegen  0.10/turn              r - ring of willpower

@: brilliant, lethally poisoned (0 -> -4), attractive, flying, very slightly
contaminated
A: fangs 1, strong nose, distributed training
a: no special abilities


You were on level 3 of the Dungeon.
You visited 1 branch of the dungeon, and saw 3 of its levels.

You collected 91 gold pieces.

Inventory:

Hand Weapons
 a - a +3 spear (weapon)
 b - a +1 flail of protection
Missiles
 j - 73 stones
 l - 21 arrows
 m - 25 bolts
 q - 12 sling bullets
Armour
 c - a +0 robe
 g - a +0 pair of boots (worn)
 n - a +0 scale mail (worn)
 s - a +0 helmet (worn)
Jewellery
 d - a ring of wizardry (left hand)
 h - an amulet of regeneration (around neck)
 r - a ring of willpower (right hand)
 t - a +6 ring of intelligence
Scrolls
 e - a scroll of enchant armour
Potions
 f - 3 potions of degeneration


   Skills:
 + Level 4.7 Fighting
 + Level 1.3 Short Blades
 + Level 1.3 Long Blades
 + Level 1.3 Axes
 + Level 1.3 Maces & Flails
 + Level 4.7 Polearms
 + Level 1.3 Staves
 + Level 1.3 Slings
 + Level 1.3 Bows
 + Level 1.3 Crossbows
 + Level 1.3 Throwing
 + Level 1.3 Armour
 + Level 2.9 Dodging
 + Level 2.7 Stealth
 + Level 2.9 Shields
 + Level 1.3 Unarmed Combat
 + Level 1.3 Spellcasting
 + Level 1.1 Conjurations
 + Level 1.1 Hexes
 + Level 1.1 Summonings
 + Level 1.1 Necromancy
 + Level 1.1 Translocations
 + Level 1.1 Transmutations
 + Level 1.1 Fire Magic
 + Level 1.1 Ice Magic
 + Level 2.3 Air Magic
 + Level 3.9 Earth Magic
 + Level 1.1 Poison Magic
 + Level 1.5 Invocations
 + Level 1.3 Evocations


You had 5 spell levels left.
You knew the following spells:

 Your Spells              Type           Power      Damage    Failure   Level
a - Sandblast             Erth           28%        2d8       13%         1

Your spell library contained the following spells:

 Spells                   Type           Power      Damage    Failure   Level
 Stone Arrow              Conj/Erth      18%        3d8       54%         3


Dungeon Overview and Level Annotations

Branches:
Dungeon (3/15)

Altars:

Annotations:
D:3 Ijyb


Innate Abilities, Weirdness & Mutations

You have very sharp teeth.
Your uncanny sense of smell can sniff out nearby items.
Your experience applies equally to all skills.


Message History

Aiming: Sandblast (safe; 13% risk of failure)
Press: ? - help, Q - select action, (/) - cycle Shift-Dir - straight line, f/p - Ijyb
Aim: Ijyb, wielding a +2 dagger of venom, wearing a +0 leather armour and carrying a wand of iceblast (7) (severely wounded, 74% to hit)
You feel a surge of power!
The blast of sand misses Ijyb.
You feel very sick.
Ijyb hits you with a +2 dagger of venom.
* * * LOW HITPOINT WARNING * * *
You are lethally poisoned!
Blink to where?
Press: ? - help, Dir - move target, p - Ijyb
As you read the scroll labelled CEPTOH UNUSISK, it crumbles to dust.
It was a scroll of blinking.
* * * LOW HITPOINT WARNING * * *
You feel very sick.
Ijyb screams, "No!
No, no, no, no!"
Ijyb is pulled toward you!
Aiming: Sandblast (safe; 13% risk of failure)
Press: ? - help, Q - select action, (/) - cycle Shift-Dir - straight line, f - Ijyb
Aim: Ijyb, wielding a +2 dagger of venom, wearing a +0 leather armour and carrying a wand of iceblast (7) (severely wounded, 74% to hit)
You feel a surge of power!
The blast of sand hits Ijyb.
Ijyb is almost dead.
* * * LOW HITPOINT WARNING * * *
You feel very sick.
Aiming: Sandblast (safe; 13% risk of failure)
Press: ? - help, Q - select action, (/) - cycle Shift-Dir - straight line, f/p - Ijyb
Aim: Ijyb, wielding a +2 dagger of venom, wearing a +0 leather armour and carrying a wand of iceblast (7) (almost dead, 74% to hit)
You feel a surge of power!
The blast of sand hits Ijyb but does no damage.
Ijyb is almost dead.
* * * LOW HITPOINT WARNING * * *
You feel very sick.
Ijyb hits you with a +2 dagger of venom.
* * * LOW HITPOINT WARNING * * *
Aiming: Sandblast (safe; 13% risk of failure)
Press: ? - help, Q - select action, (/) - cycle Shift-Dir - straight line, f/p - Ijyb
Aim: Ijyb, wielding a +2 dagger of venom, wearing a +0 leather armour and carrying a wand of iceblast (7) (almost dead, 74% to hit)
You feel a surge of power!
The blast of sand hits Ijyb but does no damage.
Ijyb is almost dead.
You die...

... .## .... ..#
...###.# ...##<#
##.##.# #.....#
####.....#
#....(.g@#...
######.##..).........
#......#####....##.#.
#.###### #..### ##.#
#.... #..# #....#
###.## #... # #...#
#.... #.#########


You could see Ijyb.

Vanquished Creatures
  Jessica (D:2)
  Terence (D:2)
  A hound skeleton (D:2)
  Robin (D:2)
  A gnoll (D:1)
  An adder (D:2)
  5 endoplasms
  3 giant cockroaches
  9 goblins
  2 hobgoblins
  5 kobolds
  A quokka (D:2)
  A ball python (D:1)
  3 bats
  3 frilled lizards
  3 rats
41 creatures vanquished.

Vanquished Creatures (others)
  A goblin (D:3)
1 creature vanquished.

Grand Total: 42 creatures vanquished

Notes
Turn   | Place    | Note
-------+----------+-------------------------------------------
     0 | D:1      | chaosape the Gnoll Wanderer began the quest for the Orb.
     0 | D:1      | chaosape set off with the following items: a +2 spear, a
                  | potion of curing, a +0 robe; and the following spell
                  | memorised: Sandblast; and the following spells available to
                  | memorise: Stone Arrow
     0 | D:1      | Reached XP level 1. HP: 20/20 MP: 1/1
   117 | D:1      | Reached XP level 2. HP: 21/26 MP: 2/2
   432 | D:1      | Reached XP level 3. HP: 27/31 MP: 3/3
   504 | D:1      | Found a faded altar of an unknown god.
   953 | D:2      | Noticed Jessica
   955 | D:2      | Killed Jessica
   956 | D:2      | Reached skill level 1 in Short Blades
   956 | D:2      | Reached skill level 1 in Long Blades
   956 | D:2      | Reached skill level 1 in Axes
   956 | D:2      | Reached skill level 1 in Maces & Flails
   956 | D:2      | Reached skill level 1 in Staves
   956 | D:2      | Reached skill level 1 in Slings
   956 | D:2      | Reached skill level 1 in Bows
   956 | D:2      | Reached skill level 1 in Crossbows
   956 | D:2      | Reached skill level 1 in Throwing
   956 | D:2      | Reached skill level 1 in Armour
   956 | D:2      | Reached skill level 1 in Unarmed Combat
   956 | D:2      | Reached skill level 1 in Spellcasting
   956 | D:2      | Reached skill level 1 in Invocations
   956 | D:2      | Reached skill level 1 in Evocations
   970 | D:2      | Reached XP level 4. HP: 31/38 MP: 2/5
  1489 | D:2      | Noticed Terence
  1513 | D:2      | Killed Terence
  1514 | D:2      | Reached skill level 1 in Conjurations
  1514 | D:2      | Reached skill level 1 in Hexes
  1514 | D:2      | Reached skill level 1 in Summonings
  1514 | D:2      | Reached skill level 1 in Necromancy
  1514 | D:2      | Reached skill level 1 in Translocations
  1514 | D:2      | Reached skill level 1 in Transmutations
  1514 | D:2      | Reached skill level 1 in Fire Magic
  1514 | D:2      | Reached skill level 1 in Ice Magic
  1514 | D:2      | Reached skill level 1 in Poison Magic
  1831 | D:2      | Noticed Robin
  1842 | D:2      | Killed Robin
  1843 | D:2      | Reached XP level 5. HP: 38/43 MP: 5/7
  2222 | D:3      | Noticed Ijyb
  2246 | D:3      | HP: 2/43 [Ijyb (1)]
  2247 | D:3      | Succumbed to Ijyb's poison

Illustrated notes

Levels and vault maps discovered:
D:1:      shiori_arrival_oz, layout_loops_ring,
          shapermc_ecumenical_altar_acropolis, grunt_decor_cap,
          serial_bayou_lagoon_a
D:2:      layout_basic, minmay_tree_intersection, minmay_cut_off, uniq_jessica,
          uniq_robin, uniq_terence
D:3:      lemuel_castle_with_subvaults [lemuel_castle_interior_carwin_3],
          layout_rooms, mainiacjoe_overflow_tiny_flanked,
          nicolae_ru_awakened_eye, patterned_corridor, uniq_ijyb,
          uniq_crazy_yiuf_cottage, uniq_natasha

Skill      XL: |  1  2  3  4 |
---------------+-------------+-----
Air Magic      | 2 |  2.3
Short Blades   | 1 |  1.3
Long Blades    | 1 |  1.3
Axes           | 1 |  1.3
Maces & Flails | 1 |  1.3
Staves         | 1 |  1.3
Slings         | 1 |  1.3
Bows           | 1 |  1.3
Crossbows      | 1 |  1.3
Throwing       | 1 |  1.3
Armour         | 1 |  1.3
Unarmed Combat | 1 |  1.3
Spellcasting   | 1 |  1.3
Invocations    | 1 |  1.5
Evocations     | 1 |  1.3
Conjurations   | 1 |  1.1
Hexes          | 1 |  1.1
Summonings     | 1 |  1.1
Necromancy     | 1 |  1.1
Translocations | 1 |  1.1
Transmutations | 1 |  1.1
Fire Magic     | 1 |  1.1
Ice Magic      | 1 |  1.1
Poison Magic   | 1 |  1.1
Fighting       | |  4.7
Polearms       | |  4.7
Dodging        | |  2.9
Stealth        | |  2.7
Shields        | |  2.9
Earth Magic    | |  3.9

Action                   |  1- 3 |  4- 6 || total
-------------------------+-------+-------++-------
Melee: Spear             |    50 |    52 ||   102
       Bite              |     3 |     8 ||    11
       Flail             |       |    21 ||    21
 Cast: Sandblast         |     2 |     6 ||     8
  Use: Scroll            |     2 |     3 ||     5
       Potion            |       |     6 ||     6
 Stab: Sleeping          |     9 |       ||     9
Armor: Robe              |     8 |       ||     8
       Scale mail        |       |    28 ||    28
Dodge: Dodged            |    12 |    31 ||    43
